 Dungeon Crawl Stone Soup version 0.21.0-3-g78d12a8 (webtiles) character file.

236 MDvedh the Ruffian (level 5, 0/50 HPs)
             Began as a Troll Warper on Jan 8, 2018.
             Was an Initiate of Cheibriados.
             Slain by a hound (4 damage)
             ... on level 4 of the Dungeon.
             The game lasted 00:03:04 (1745 turns).

MDvedh the Ruffian (Troll Warper)                   Turns: 1745, Time: 00:03:05

Health: 0/50       AC:  6    Str: 21    XL:     5   Next: 77%
Magic:  5/5        EV: 10    Int: 10    God:    Cheibriados [......]
Gold:   158        SH:  0    Dex: 10    Spells: 4/6 levels left

rFire    . . .     SeeInvis .     - Unarmed
rCold    . . .     Gourm    +   (no shield)
rNeg     . . .     Faith    .   a - +0 robe
rPois    .         Spirit   .   (helmet restricted)
rElec    .         Reflect  .   n - +0 cloak
rCorr    .         Harm     .   (gloves unavailable)
MR       .....                  (boots unavailable)
Stlth    +.........             j - amulet of magic regeneration
HPRegen  0.56/turn              (no ring)
MPRegen  0.34/turn              (no ring)

@: lethally poisoned (0 -> 0), very slow
A: large, unfitting armour, claws 3, fast metabolism 3, gourmand, regeneration
1, shaggy fur 1, tough skin 2
a: Bend Time, Renounce Religion


You were on level 4 of the Dungeon.
You worshipped Cheibriados.
Cheibriados was noncommittal.
You were completely stuffed.

You visited 1 branch of the dungeon, and saw 4 of its levels.

You collected 158 gold pieces.

Inventory:

Missiles
 d - 5 tomahawks of dispersal (quivered)
 p - 3 large rocks
Armour
 a - a +0 robe (worn)
 n - a +0 cloak (worn)
Jewellery
 j - an amulet of magic regeneration (around neck)
 u - a +3 ring of evasion {unknown}
 w - an uncursed ring of positive energy {unknown}
Wands
 i - a wand of paralysis (17)
Scrolls
 c - 2 scrolls of blinking
 e - 2 scrolls of fog {unknown}
 g - 3 scrolls of teleportation {unknown}
 h - 4 scrolls of identify {unknown}
 m - 2 scrolls of magic mapping {unknown}
 r - a scroll of remove curse {unknown}
 x - a scroll of enchant weapon {unknown}
Potions
 k - a potion of magic {unknown}
 l - a potion of resistance {unknown}
 o - a potion of agility {unknown}
 q - 2 potions of lignification {unknown}
 s - a potion of heal wounds {unknown}
 t - 2 potions of degeneration {unknown}
Books
 b - a book of Spatial Translocations

   Spells                             Type                      Level
   a - Blink                          Translocation                2
   b - Shroud of Golubria             Charms/Translocation         2
   c - Lesser Beckoning               Translocation                3
   d - Gell's Gravitas                Translocation                3
   e - Teleport Other                 Translocation                3
   f - Passage of Golubria            Translocation                4
Comestibles
 f - 8 rations
 v - a chunk of flesh


   Skills:
 + Level 2.6 Fighting
 - Level 0.8 Throwing
 + Level 1.8 Armour
 + Level 2.9 Dodging
 * Level 4.1 Unarmed Combat
 - Level 1.2 Spellcasting
 - Level 2.1 Translocations


You had 4 spell levels left.
You knew the following spells:

 Your Spells              Type           Power        Failure   Level  Hunger
a - Blink                 Tloc           N/A          21%         2    ###....


Dungeon Overview and Level Annotations

Branches:
Dungeon (4/15)
 Temple: D:4-7

Altars:
Cheibriados
Dithmenos
Elyvilon
Hepliaklqana
Makhleb
Okawaru
Trog
Uskayaw
Zin

Shops:
D:4 (

Annotations:
D:2 2 transporters


Innate Abilities, Weirdness & Mutations

You are too large for most types of armour.
You have claws for hands.
Your metabolism is lightning-fast.
You like to eat raw meat.
Your natural rate of healing is unusually fast.
You are covered in fur. (AC +1)
You have very tough skin. (AC +2)


Message History

The hound closely misses you.
Unknown command.
Okay, then.
You scratch the hound.
The hound is heavily wounded.
You feel sick.
The leopard gecko skeleton closely misses you.
The hound bites you but does no damage.
You closely miss the hound.
The hound is moderately wounded.
You feel sick. The hound closely misses you.
The leopard gecko skeleton closely misses you.
You closely miss the hound.
The hound is moderately wounded.
The hound closely misses you. The hound barely misses you.
The leopard gecko skeleton bites you but does no damage.
You barely miss the hound.
The hound is moderately wounded.
You feel sick. The hound bites you.
You die...

###. ### #..#.#<.#
#... ..# #.#.....#
##.#.##.# #.......#
#.......## #.......#
#........# ###)..###
#........# #...#
#......$.# #...#
#...Zh†..# #####...###
##..#@#..###..........
... #....>............
. #......###..........
#.....## #####...###
###.### #...# #.#
#...# #.# #...# #.#
##.## ..


You could see a hound and a leopard gecko skeleton.

Vanquished Creatures
  A scorpion (D:4)
  A bullfrog skeleton (D:4)
  An iguana (D:4)
  A gnoll (D:4)
  4 adders
  An ooze (D:1)
  2 worms
  3 dart slugs
  A leopard gecko (D:2)
  3 orcs (D:4)
  7 bats
  7 giant cockroaches
  6 hobgoblins
  8 jackals
  4 quokkas
  3 frilled lizards
  6 goblins
  3 kobolds
  5 rats
67 creatures vanquished.

Notes
Turn   | Place    | Note
-------+----------+-------------------------------------------
     0 | D:1      | MDvedh the Troll Warper began the quest for the Orb.
     0 | D:1      | Reached XP level 1. HP: 19/19 MP: 1/1
   114 | D:1      | Reached XP level 2. HP: 21/28 MP: 2/2
   380 | D:1      | Reached XP level 3. HP: 32/35 MP: 3/3
   741 | D:2      | Reached skill level 1 in Armour
   741 | D:2      | Reached skill level 3 in Unarmed Combat
   817 | D:2      | Found a hazy altar of Hepliaklqana.
   854 | D:2      | Found a white marble altar of Elyvilon.
   854 | D:2      | Found a hide-covered altar of Uskayaw.
   856 | D:2      | Noticed a two-headed ogre
   858 | D:2      | Found a transporter.
   866 | D:2      | Found a transporter.
   980 | D:2      | You fall through a shaft!
   982 | D:3      | Reached XP level 4. HP: 42/42 MP: 4/4
  1027 | D:3      | Noticed a balrug
  1028 | D:3      | Found a burning altar of Makhleb.
  1032 | D:3      | Found a glowing silver altar of Zin.
  1032 | D:3      | Noticed an angel
  1155 | D:3      | Found a snail-covered altar of Cheibriados.
  1158 | D:3      | Became a worshipper of Cheibriados the Contemplative
  1162 | D:3      | Learned a level 2 spell: Blink
  1269 | D:3      | Found a shadowy altar of Dithmenos.
  1461 | D:4      | Found an iron altar of Okawaru.
  1462 | D:4      | Found a bloodstained altar of Trog.
  1523 | D:4      | Reached XP level 5. HP: 50/50 MP: 5/5
  1617 | D:4      | Reached skill level 4 in Unarmed Combat
  1649 | D:4      | Found Pir Jul's Antique Weapon Boutique.
  1745 | D:4      | Slain by a hound

Skill      XL: |  1  2  3  4  5 |
---------------+----------------+-----
Dodging        | 2 |  2.9
Fighting       | 2 |  2.6
Armour         | 1 |  1.8
Unarmed Combat | 3 4 |  4.1
Throwing       | |  0.8
Spellcasting   | |  1.2
Translocations | |  2.1

Action                   |  1- 3 |  4- 6 || total
-------------------------+-------+-------++-------
Melee: Unarmed           |   114 |    99 ||   213
       Punch             |     1 |     2 ||     3
  Eat: Chunk             |    12 |    11 ||    23
Armor: Robe              |    41 |    72 ||   113
Dodge: Dodged            |    70 |    84 ||   154
